 Dungeon Crawl Stone Soup version 0.27-a0-1245-g940ed4fa31 (webtiles) character file.

Game seed: 17807587563445501634

44 freelancePsychic the Insei (level 3, 0/28 HPs)
             Began as a Djinni Transmuter on June 9, 2021.
             Slain by an adder (2 damage)
             ... on level 2 of the Dungeon.
             The game lasted 00:03:35 (2177 turns).

freelancePsychic the Insei (Djinni Transmuter)      Turns: 2177, Time: 00:03:36

Health: 0/28       AC:  3    Str:  9    XL:     3   Next: 85%
Gold:   0          EV: 12    Int: 15    God:
                   SH:  0    Dex: 13

rFire    + + .     SeeInvis .     - Unarmed
rCold    x . .     Faith    .   (no shield)
rNeg     . . .     Spirit   .   a - +1 robe
rPois    ∞         Reflect  .   (no helmet)
rElec    .         Harm     .   (no cloak)
rCorr    .         Rampage  .   (no gloves)
Will     .....                  (boots unavailable)
Stlth    +.........             (no amulet)
HPRegen  0.09/turn              (no ring)
MPRegen  0.00/turn              (no ring)

@: flying
A: sickness immunity, fire resistance 2, cold vulnerability 1, float, innate
caster, hp casting, extra vitality 1
a: no special abilities


You were on level 2 of the Dungeon.
You visited 1 branch of the dungeon, and saw 2 of its levels.

Inventory:

Missiles
 b - 7 curare-tipped darts
Armour
 a - a +1 robe (worn)
Jewellery
 d - a +6 ring of intelligence
Potions
 c - a potion of curing {unknown}
 e - a potion of invisibility {unknown}
 f - a potion of lignification {unknown}


   Skills:
 - Level 1.8 Fighting
 + Level 2.2 Dodging
 + Level 3.0 Unarmed Combat
 * Level 2.5 Spellcasting


You couldn't memorise any spells.
You knew the following spells:

 Your Spells              Type           Power      Damage    Failure   Level
a - Beastly Appendage     Tmut           18%        N/A       8%          1
b - Wereblood             Tmut           9%         N/A       11%         2
c - Spider Form           Tmut/Pois      4%         N/A       22%         3
d - Ice Form              Ice/Tmut       9%         N/A       58%         4
e - Apportation           Tloc           18%        N/A       8%          1
Your spell library was empty.

Dungeon Overview and Level Annotations

Branches:
Dungeon (2/15)

Altars:


Innate Abilities, Weirdness & Mutations

You are immune to sickness and miasma.
You are immune to poison.
Your flesh is very heat resistant. (rF++)
You are vulnerable to cold. (rC-)
You float through the air rather than walking.
You learn spells naturally, not from books.
Your magical power is your life essence.
You have superior vitality. (+4 HP)


Message History

You hit the adder but do no damage.
The adder is lightly wounded.
The adder bites you but does no damage. The adder closely misses you.
You closely miss the adder. Your headbutt misses the adder.
The adder is lightly wounded.
The adder bites you but does no damage.
You miss the adder. Your headbutt misses the adder.
The adder is lightly wounded.
The adder closely misses you.
You hit the adder.
The adder is moderately wounded.
The adder closely misses you.
You miss the adder. You headbutt the adder.
The adder is severely wounded.
The adder misses you. The adder bites you.
* * * LOW HITPOINT WARNING * * *
You hit the adder but do no damage.
The adder is severely wounded.
The adder bites you.
* * * LOW HITPOINT WARNING * * *
You closely miss the adder.
The adder is severely wounded.
The adder bites you but does no damage.
You barely miss the adder.
The adder is severely wounded.
The adder bites you.
* * * LOW HITPOINT WARNING * * *
You barely miss the adder.
The adder is severely wounded.
Your horns disappear.
The adder bites you.
* * * LOW HITPOINT WARNING * * *
You closely miss the adder.
The adder is severely wounded.
The adder closely misses you. The adder bites you.
* * * LOW HITPOINT WARNING * * *
You hit the adder.
The adder is almost dead.
The adder bites you.
You die...

##### #####
#@S.#
#.....###.#
#.....†S..#
#.....#####
#.... #...
###


You could see an adder.

Vanquished Creatures
  An adder (D:2)
  A gnoll (D:1)
  6 endoplasms
  3 kobolds (D:1)
  2 quokkas (D:1)
  4 ball pythons
  2 bats (D:1)
  4 frilled lizards (D:1)
  A goblin (D:1)
  2 rats (D:1)
26 creatures vanquished.

Notes
Turn   | Place    | Note
-------+----------+-------------------------------------------
     0 | D:1      | freelancePsychic the Djinni Transmuter began the quest for
                  | the Orb.
     0 | D:1      | Reached XP level 1. HP: 17/17 MP: 0/0
   768 | D:1      | Reached XP level 2. HP: 17/22 MP: 0/0
  1296 | D:1      | Found a faded altar of an unknown god.
  1506 | D:1      | Reached XP level 3. HP: 23/28 MP: 0/0
  1506 | D:1      | Learned a level 1 spell: Apportation
  2177 | D:2      | Slain by an adder

Illustrated notes

Levels and vault maps discovered:
D:1:      sevenhm_arrival_forest_fort_large_1, layout_loops_ring,
          hellmonk_ecumenical_altar_arch_garden
D:2:      minmay_chambers_of_twos, layout_basic, basic_altar

Skill      XL: |  1  2 |
---------------+-------+-----
Spellcasting   | 2 |  2.5
Fighting       | |  1.8
Dodging        | |  2.2
Unarmed Combat | |  3.0

Action                   || total
-------------------------++-------
Melee: Unarmed           ||   106
       Headbutt          ||     4
Throw: Dart              ||     1
 Cast: Beastly Appendage ||    14
       Spider Form       ||     2
       Wereblood         ||     1
  Use: Scroll            ||     1
 Stab: Sleeping          ||     1
Armor: Robe              ||    24
       Skin              ||     1
Dodge: Dodged            ||    59

Table legend: (Time is in decaauts)
 A = Elapsed time spent in this place.
 B = Non-inter-level travel time spent in this place.
 C = Inter-level travel time spent in this place.
 D = Time resting spent in this place.
 E = Time spent auto-exploring this place.
 F = Levels seen in this place.
 G = Mean time per level.
                   A        B        C        D        E       F      G
               +--------+--------+--------+--------+--------+-----+--------+
         Total |   2171 |   2157 |     14 |    374 |   1517 |   2 | 1085.5 |
       Dungeon |   2171 |   2157 |     14 |    374 |   1517 |   2 | 1085.5 |
               +--------+--------+--------+--------+--------+-----+--------+

Top non-repeatable levels by time:
     D:1: 2096 daAuts
     D:2: 74 daAuts
